 Dungeon Crawl Stone Soup version 0.29.1-2-gbd0b4ee654 (webtiles) character file.

Game seed: 14968753761736084401

112 Firos the Poker (level 4, 0/61 HPs)
             Began as a Hill Orc Monk on Nov 7, 2022.
             Slain by an iguana (3 damage)
             ... on level 3 of the Dungeon.
             The game lasted 00:05:44 (4379 turns).

Firos the Poker (Hill Orc Monk)                     Turns: 4379, Time: 00:05:45

Health: 0/61       AC: 22    Str: 15    XL:     4   Next: 93%
Magic:  4/4        EV:  2    Int: 10    God:
Gold:   67         SH:  0    Dex: 13    Spells: 3/3 levels left

rFire   . . .      SeeInvis .   a - +0 spear
rCold   . . .      Faith    .   (no shield)
rNeg    . . .      Spirit   .   (body armour currently unavailable)
rPois   +          Reflect  .   (helmet currently unavailable)
rElec   .          Harm     .   (cloak currently unavailable)
rCorr   .          Rampage  .   (gloves currently unavailable)
Will    .....      NoTele   +   (boots currently unavailable)
Stlth   ++........              (no amulet)
HPRegen 0.20/turn               c - ring of wizardry
MPRegen 0.09/turn               (no ring)

@: tree-form
A: stationary, stasis, torment immunity, boosted hp
a: no special abilities


You were on level 3 of the Dungeon.
You were a tree.
You visited 1 branch of the dungeon, and saw 3 of its levels.

You collected 67 gold pieces.

Inventory:

Hand Weapons
 a - a +0 spear (weapon)
Armour
 d - a +0 helmet (melded)
 k - a +0 leather armour (melded)
Jewellery
 c - a ring of wizardry (left branch)
Scrolls
 e - a scroll of identify
 j - a scroll of enchant weapon {unknown}
 m - a scroll of acquirement {unknown}
Potions
 b - a potion of mutation
 g - a potion of flight
 l - a potion of magic {unknown}


   Skills:
 + Level 4.5 Fighting
 * Level 4.8 Polearms
 + Level 2.1 Armour
 - Level 2.4 Dodging
 - Level 1.5 Stealth


You had 3 spell levels left.
You didn't know any spells.
Your spell library was empty.

Dungeon Overview and Level Annotations

Branches:
Dungeon (3/15)

Altars:


Message History

The iguana attacks as you move away! The iguana barely misses you.
The iguana attacks as you move away! The iguana barely misses you.
You hit the iguana but do no damage. You hit the iguana.
The iguana is lightly wounded.
The iguana bites you.
You barely miss the iguana.
The iguana is lightly wounded.
The iguana bites you!
Okay, then.
Okay, then.
You see here a +0 robe.
The iguana attacks as you move away! The iguana misses you.
The iguana hisses menacingly.
The iguana attacks as you move away! The iguana barely misses you.
There is a stone staircase leading up here.
The iguana hisses menacingly.
The iguana attacks as you move away! The iguana barely misses you.
The iguana attacks as you move away! The iguana closely misses you.
The iguana attacks as you move away!
The iguana bites you but does no damage.
The iguana attacks as you move away! The iguana bites you!
* * * LOW HITPOINT WARNING * * *
The iguana attacks as you move away! The iguana bites you.
* * * LOW HITPOINT WARNING * * *
It was a potion of lignification.
You turn into a tree.
Your +0 helmet melds into your body.
Your +0 leather armour melds into your body.
Your roots penetrate the ground.
The iguana bites you but does no damage.
You hit the iguana but do no damage.
The iguana is lightly wounded.
The iguana bites you but does no damage.
You hit the iguana but do no damage.
The iguana is lightly wounded.
The iguana completely misses you.
You barely miss the iguana.
The iguana is lightly wounded.
The iguana bites you.
You die...

#S##.....gS..##..##.#.#S
#.##.#.###...#...#..####
#.##<#.##?...[.###..#
#.##.#.###.......#######
#......####.##.#######.#
#..S...S# #.##.........#
#.##.##g# #.############
#.##.##l###'## #
##.##.##♣##...## #
#.....##.#.....## #####
#..#####........## #....
##...####.........####...#
#.................'.......
##...####.........####...#
##..## ##.......## #†.##
##..## ##.....## #.##
##...## ##...## #.#


You could see an iguana, a hobgoblin and a ball python.

Vanquished Creatures
  4 gnolls
  2 adders
  A worm (D:2)
  A dart slug (D:2)
  An orc (D:3)
  5 ball pythons
  5 endoplasms
  3 giant cockroaches (D:1)
  3 goblins
  3 hobgoblins
  2 jackals (D:1)
  2 quokkas
  4 bats
  6 frilled lizards
  6 kobolds
  3 rats
51 creatures vanquished.

Notes
Turn   | Place    | Note
-------+----------+-------------------------------------------
     0 | D:1      | Firos the Hill Orc Monk began the quest for the Orb.
     0 | D:1      | Reached XP level 1. HP: 19/19 MP: 1/1
   434 | D:1      | Reached XP level 2. HP: 25/27 MP: 2/2
   540 | D:1      | Found a faded altar of an unknown god.
   782 | D:1      | Reached skill level 1 in Armour
  1247 | D:1      | Reached XP level 3. HP: 25/33 MP: 3/3
  2894 | D:2      | Reached XP level 4. HP: 38/40 MP: 4/4
  4375 | D:3      | HP: 1/41 [iguana (5)]
  4379 | D:3      | Slain by an iguana

Illustrated notes

Levels and vault maps discovered:
D:1:      minmay_arrival_split_and_join, layout_loops_ring,
          hellmonk_ecumenical_altar_lost_god, minmay_cut_off
D:2:      layout_basic
D:3:      layout_loops_corners, mainiacjoe_overflow_small_starburst,
          gammafunk_temple_overflow_forgotten, grunt_ministairs_9,
          wad_rectangle_vault, uniq_terence, uniq_jessica

Skill      XL: |  1  2  3  4 |
---------------+-------------+-----
Armour         | 1 2 |  2.1
Fighting       | 4 |  4.5
Polearms       | 4 |  4.8
Dodging        | |  2.4
Stealth        | |  1.5

Action                   |  1- 3 |  4- 6 || total
-------------------------+-------+-------++-------
Melee: Spear             |   190 |    95 ||   285
       Punch             |     1 |       ||     1
  Use: Potion            |     2 |     1 ||     3
       Scroll            |     4 |     3 ||     7
 Stab: Sleeping          |     9 |     1 ||    10
       Distracted        |       |     1 ||     1
Armor: Robe              |    16 |       ||    16
       Leather armour    |     9 |    13 ||    22
       Skin              |       |     2 ||     2
Dodge: Dodged            |    86 |    49 ||   135
